 Dungeon Crawl Stone Soup version 0.31-a0-246-g8cbcc1cb85 (webtiles) character file.

Game seed: 11195574920203084431

59 qw the Shooter (level 3, -1/29 HPs)
             Began as a Minotaur Hexslinger on July 12, 2023.
             Slain by an orc
             ... wielding a +0 flail
              (6 damage)
             ... on level 3 of the Dungeon.
             The game lasted 00:00:39 (1429 turns).

qw the Shooter (Minotaur Hexslinger)                Turns: 1429, Time: 00:00:39

Health: -1/29      AC:  6    Str: 12    XL:     3   Next: 78%
Magic:  3/3        EV: 11    Int: 10    God:
Gold:   138        SH:  0    Dex: 14    Spells: 3/4 levels left

rFire   . . .        Y - +1 sling
rCold   . . .        (no shield)
rNeg    . . .        j - +0 ring mail
rPois   +            (helmet restricted)
rElec   .            (no cloak)
rCorr   .            b - +0 pair of gloves
SInv    .            (no boots)
Will    .....        (no amulet)
Stlth   +            k - ring of poison resistance
HPRegen 0.24/turn    (no ring)
MPRegen 0.08/turn

%: no passive effects
@: no status effects
A: horns 2, retaliatory headbutt
a: no special abilities


You were on level 3 of the Dungeon.
You visited 1 branch of the dungeon, and saw 3 of its levels.

You collected 138 gold pieces.


Innate Abilities, Weirdness & Mutations

You have a pair of horns on your head.
You reflexively headbutt those who attack you in melee.


   Skills:
 - Level 2.0 Fighting
 + Level 4.1 Ranged Weapons
 - Level 1.0 Armour
 - Level 2.1 Dodging
 - Level 1.0 Spellcasting
 - Level 2.0 Hexes


You had 3 spell levels left.
You knew the following spells:

 Your Spells              Type           Power      Damage    Failure   Level
a - Slow                  Hex            16%        N/A       34%         1

Your spell library contained the following spells:

 Spells                   Type           Power      Damage    Failure   Level
 Inner Flame              Hex/Fire       2%         N/A       83%         3
 Portal Projectile        Hex/Tloc       4%         N/A       83%         3
 Cause Fear               Hex            2%         N/A       98%         4

Inventory:

Hand Weapons
 Y - a +1 sling (weapon)
Armour
 b - a +0 pair of gloves (worn)
 j - a +0 ring mail (worn)
Jewellery
 k - a ring of poison resistance (left hand)
Scrolls
 l - a scroll of identify
Potions
 d - a potion of degeneration {unknown}
 e - a potion of cancellation {unknown}
 f - a potion of mutation {unknown}
 g - a potion of resistance
 h - 2 potions of brilliance {unknown}

Dungeon Overview and Level Annotations

Branches:
Dungeon (3/15)

Altars:
Elyvilon
Zin
The Shining One

Shops:
D:1 :

Annotations:
D:3 Grinder


Message History

You hear a shout!
The orc throws a boomerang.
The boomerang hits you. The orc hits you but does no damage.
You hear a shout!
You shoot a sling bullet. The sling bullet hits the orc.
The orc is heavily wounded.
The orc throws a boomerang.
The boomerang hits you but does no damage.
The orc barely misses you. The orc hits you with a +0 dagger.
An orc comes into view. It is wielding a +0 hand axe.
You shoot a sling bullet. The sling bullet barely misses the orc.
The sling bullet closely misses the quokka.
The orc closely misses you.
You shoot a sling bullet. The sling bullet barely misses the orc.
The sling bullet hits the quokka but does no damage.
An orc comes into view.
It is wielding a +0 dagger of protection.
The orc closely misses you. The orc hits you but does no damage.
You shoot a sling bullet.
The sling bullet hits the orc but does no damage.
The orc is heavily wounded.
An orc comes into view. It is wielding a +0 hand axe.
The orc closely misses you. The orc barely misses you. x2
You furiously retaliate!
You headbutt the orc.
You kill the orc!
The orc barely misses you.
You shoot a sling bullet. The sling bullet hits the orc.
The orc is moderately wounded.
The quokka barely misses you. The orc barely misses you.
You shoot a sling bullet. The sling bullet hits the orc.
The orc is heavily wounded.
The quokka closely misses you. You furiously retaliate!
You headbutt the quokka. The orc barely misses you.
The quokka barely misses you. You furiously retaliate!
You headbutt the quokka.
You kill the quokka!
Your Armour skill increases to level 1!
You shoot a sling bullet.
The sling bullet hits the orc but does no damage.
The orc is heavily wounded.
The orc hits you with a +0 flail.
You die...

########
#.#
........
... .
.######.
# #.# #
.. #.
#_#...#
.#. #.
.#.#.
... #5
.o. ..
#. #o#.#
#. #@).#
#. #####
#. #...%
..5.....
..##.#..
#..#.
###.# #


You could see 2 orcs.

Vanquished Creatures
  An adder (D:3)
  An orc (D:3)
  4 bats
  5 endoplasms
  2 giant cockroaches (D:1)
  3 goblins
  6 hobgoblins
  3 jackals (D:1)
  3 quokkas
  3 ball pythons
  2 frilled lizards
  2 kobolds (D:3)
  8 rats
43 creatures vanquished.

Notes
Turn   | Place    | Note
-------+----------+-------------------------------------------
     0 | D:1      | qw the Minotaur Hexslinger began the quest for the Orb.
     0 | D:1      | Reached XP level 1. HP: 16/16 MP: 1/1
     0 | D:1      | 0 ||| qw: Version: 0.3-a-52-g30416fa
     0 | D:1      | 0 ||| qw: Game counter: 6329
     0 | D:1      | 0 ||| qw: Melee chars always use a shield: true
     0 | D:1      | 0 ||| qw: God list: Okawaru
     0 | D:1      | 0 ||| qw: Allow faded altars: false
     0 | D:1      | 0 ||| qw: Do Orc after clearing Dungeon:15 true
     0 | D:1      | 0 ||| qw: Do second Lair branch before Depths: true
     0 | D:1      | 0 ||| qw: Lair rune preference: random
     0 | D:1      | 0 ||| qw: Goals: Normal
     0 | D:1      | 0 ||| PLANNING D:1-11
    49 | D:1      | Found Fuciveh's Vocational Training.
   252 | D:1      | Reached skill level 3 in Ranged Weapons
   252 | D:1      | Reached XP level 2. HP: 23/23 MP: 2/2
   568 | D:1      | 568 ||| READING scroll labelled MUNUOG IHOT.
   569 | D:1      | 569 ||| READING scroll labelled BEAWKE IDUC.
   570 | D:1      | 570 ||| READING scroll labelled PUIWAO NURPH.
   571 | D:1      | 571 ||| DRINKING 2 viscous silvery potions.
   572 | D:1      | 572 ||| DROPPING scroll of poison.
   653 | D:2      | Reached XP level 3. HP: 29/29 MP: 3/3
  1107 | D:2      | 1107 ||| UPGRADING to +0 pair of gloves.
  1112 | D:2      | 1112 ||| UPGRADING to +0 ring mail.
  1122 | D:2      | 1122 ||| DROPPING +0 robe.
  1123 | D:2      | 1123 ||| UPGRADING to ring of poison resistance.
  1124 | D:2      | 1124 ||| READING 2 scrolls labelled HIC UDDU DAI.
  1129 | D:2      | 1129 ||| READING scroll labelled XAXTAN FOOPSI.
  1130 | D:2      | 1130 ||| READING scroll labelled IBUPHI QOPTORO.
  1302 | D:3      | Found a white marble altar of Elyvilon.
  1306 | D:3      | Found a glowing silver altar of Zin.
  1308 | D:3      | Found a glowing golden altar of the Shining One.
  1338 | D:3      | Reached skill level 4 in Ranged Weapons
  1386 | D:3      | Noticed Grinder
  1387 | D:3      | 1387 ||| FLEEEEING.
  1391 | D:3      | 1391 ||| FLEEEEING.
  1392 | D:3      | 1392 ||| FLEEEEING.
  1393 | D:3      | 1393 ||| FLEEEEING.
  1394 | D:3      | 1394 ||| FLEEEEING.
  1395 | D:3      | 1395 ||| FLEEEEING.
  1396 | D:3      | 1396 ||| FLEEEEING.
  1403 | D:3      | 1403 ||| FLEEEEING.
  1404 | D:3      | 1404 ||| FLEEEEING.
  1406 | D:3      | 1406 ||| FLEEEEING.
  1407 | D:3      | 1407 ||| FLEEEEING.
  1408 | D:3      | 1408 ||| FLEEEEING.
  1418 | D:3      | HP: 6/29 [Grinder/nerve-wracking pain (7)]
  1419 | D:3      | 1419 ||| READING scroll of teleportation.
  1421 | D:3      | Found a faded altar of an unknown god.
  1423 | D:3      | HP: 3/29 [orc/+0 dagger (1)]
  1429 | D:3      | Reached skill level 1 in Armour
  1429 | D:3      | Slain by an orc

Levels and vault maps discovered:
D:1:      nzn_arrival_settlement, layout_basic, nicolae_shop_vocational
D:2:      layout_rooms, serial_rivers, chequers_serial_rivers_micro_d,
          chequers_serial_rivers_large_b, chequers_serial_rivers_small_3,
          chequers_serial_rivers_small_b, chequers_serial_rivers_small_b
D:3:      layout_loops_cross, good_gods_temple_1, tgw_fedhas,
          nzn_hepliaklqana_mist_gate, shapermc_ecumenical_altar_mp_urbaneastern,
          minmay_box_of_dots, uniq_grinder, uniq_ijyb

Skill      XL: |  1  2  3 |
---------------+----------+-----
Ranged Weapons | 3 4 |  4.1
Fighting       | 2 |  2.0
Armour         | 1 |  1.0
Dodging        | |  2.1
Spellcasting   | |  1.0
Hexes          | |  2.0

Action                     || total
---------------------------++-------
   Fire: Sling             ||   126
    Use: Scroll            ||     7
         Potion            ||     1
 Armour: Robe              ||     5
         Ring mail         ||    24
  Dodge: Dodged            ||    33

Table legend:
 A = Non-vault XP
 B = Vault XP
 C = Vault XP percentage of total XP
 D = Non-vault monster count
 E = Vault monster count
 F = Vault count percentage of total count
                 A         B        C        D         E       F
            +---------+---------+-------+---------+---------+-------
      Total |      83 |       2 |   2.4 |      42 |       1 |   2.3
            +---------+---------+-------+---------+---------+-------
        D:1 |      38 |       0 |   0.0 |      21 |       0 |   0.0
        D:2 |      20 |       0 |   0.0 |      13 |       0 |   0.0
        D:3 |      25 |       2 |   7.4 |       8 |       1 |  11.1
            +---------+---------+-------+---------+---------+-------
